[Event "German Rapid Championship 2022"]
[Site "Goettingen"]
[Date "2022.09.24"]
[Round "1"]
[White "Bluebaum, Matthias"]
[Black "Reichmann, Hendrik"]
[Result "0-1"]
[ECO "A53"]
[WhiteElo "2647"]
[BlackElo "2307"]
[Annotator "TA"]
[PlyCount "33"]
[EventDate "2022.09.24"]
[EventType "swiss"]
[EventCountry "GER"]
[SourceTitle "playchess.com"]
[Source "ChessBase"]
[SourceQuality "1"]
[TimeControl "900+10"]

1. d4 Nf6 2. c4 d6 3. Nf3 g6 4. Nc3 Bf5 5. d5 c5 6. Ng5 {[%emt 0:00:18] E61: King's Indian: Early deviations for White, including Smyslov System.} h6 7. e4 {[%emt 0:00:19] Threatens to win with Nxf7.} Bg4 {[%emt 0:00:46] [#]} 8. Nf3 $1 {[%emt 0:00:07] White is better.} Bg7 9. Be2 O-O {[%emt 0:00:18] [#]} 10. Be3 $146 ({Predecessor:} 10. h3 Bc8 11. Bf4 Na6 12. Qd2 Kh7 13. O-O Nc7 14. e5 dxe5 15. Nxe5 Nce8 16. Qe3 {1-0 (29) Gonda,L (2553)-Gara,A (2325) Zalakaros 2015}) 10... a6 11. Qd2 Kh7 12. h3 Bxf3 13. Bxf3 b5 14. cxb5 axb5 15. Nxb5 Qb6 (15... Nbd7 $11) 16. a4 ({White should try} 16. Nc3 $16) 16... Nbd7 {[%emt 0:01:42] [#]} ({Better is} 16... Nxe4 $1 $14 17. Qc2 (17. Bxe4 Qxb5 18. axb5 Rxa1+ 19. Ke2 Rxh1 $11) 17... Qa5+ 18. Kf1 f5) 17. Qc2 $1 {[%emt 0:01:07][%mdl 32768] Weighted Error Value: White=0.11 (very precise) /Black=0.27 (precise) . Loss on time!?} 0-1

[Event "German Rapid Championship 2022"]
[Site "Goettingen"]
[Date "2022.09.24"]
[Round "1"]
[White "Svane, Rasmus"]
[Black "Kopylov, Michael"]
[Result "1-0"]
[ECO "A06"]
[WhiteElo "2615"]
[BlackElo "2371"]
[Annotator "TA"]
[PlyCount "29"]
[EventDate "2022.09.24"]
[EventType "swiss"]
[EventCountry "GER"]
[SourceTitle "playchess.com"]
[Source "ChessBase"]
[SourceQuality "1"]
[TimeControl "900+10"]

1. Nf3 d5 2. g3 c6 3. Bg2 Bg4 4. O-O Nd7 5. h3 Bh5 6. d4 {[%emt 0:00:03][%cal Oc2c4] A07: Réti Opening: New York and Capablanca Systems.} e6 7. c4 Ngf6 8. cxd5 {[%emt 0:00:02] White has an edge.} cxd5 9. Qb3 Qb6 10. Nc3 Be7 11. Ne5 Qxd4 {[%emt 0:01:12] [#]} 12. Qxb7 $146 ({Predecessor:} 12. Nxd7 Nxd7 13. Qxb7 Rb8 14. Qc6 Qb6 15. Qa4 Rd8 16. g4 Bg6 17. Be3 Qxb2 18. Bd4 {½-½ (43) Svane,R (2613)-Admiraal,M (2475) Tornelo INT 2021}) 12... Rb8 13. Qc6 {[%emt 0:00:04][%cal Of1d1] Threatens to win with Rd1!} ({Reject} 13. Nc6 Rxb7 14. Nxd4 O-O $11) 13... Qc5 $2 (13... Rd8 $1 $14 14. Nxd7 Nxd7) 14. g4 $18 Bg6 {[%emt 0:00:35] [#]} 15. g5 $1 {[%emt 0:00:43] Weighted Error Value: White=0.01 (flawless) /Black=0.31} 1-0

[Event "German Rapid Championship 2022"]
[Site "Goettingen"]
[Date "2022.09.24"]
[Round "1"]
[White "Lubbe, Nikolas"]
[Black "Hampel, Felix"]
[Result "1-0"]
[ECO "D12"]
[WhiteElo "2479"]
[BlackElo "2326"]
[Annotator "TA"]
[PlyCount "34"]
[EventDate "2022.09.24"]
[EventType "swiss"]
[EventCountry "GER"]
[SourceTitle "playchess.com"]
[Source "ChessBase"]
[SourceQuality "1"]
[TimeControl "900+10"]

1. d4 d5 2. Nf3 Nf6 3. c4 c6 4. e3 Bf5 5. Nc3 a6 6. Qb3 Ra7 {[%emt 0:00:02] D15: Slav Defence: 4 Nc3 a6 and gambit lines after 4 Nc3 dxc4.} 7. Bd2 e6 8. Nh4 Bg4 (8... Be4 $11) 9. h3 $16 Bh5 10. g4 Nfd7 11. Ng2 Bg6 12. Nf4 dxc4 ({Black should try} 12... Be7 $14) 13. Bxc4 {[%emt 0:00:04] h4 is the strong threat.} b5 14. Be2 c5 {[%emt 0:00:26] [#]} 15. Nxg6 $146 {[%emt 0:02:16] White has more active pieces.} (15. h4 $16) ({Predecessor:} 15. Rc1 Be7 16. Nxg6 hxg6 17. a4 cxd4 18. exd4 b4 19. Ne4 Rc7 20. O-O Nc6 21. Qc4 {0-1 (55) Walter,S (2343)-Hirneise,T (2440) Germany 2014}) 15... hxg6 $14 16. Bf3 {[%emt 0:00:27] Prevents Nc6.} Qb6 17. a4 c4 {[%emt 0:01:19] Weighted Error Value: White=0.07 (flawless) /Black=0.14 (very precise)} (17... cxd4 $14 18. exd4 Nc6) 1-0

[Event "German Rapid Championship 2022"]
[Site "Goettingen"]
[Date "2022.09.24"]
[Round "1"]
[White "Krastev, Alexander"]
[Black "Serrer, Christoph"]
[Result "1-0"]
[ECO "B24"]
[WhiteElo "2431"]
[BlackElo "2251"]
[Annotator "TA"]
[PlyCount "42"]
[EventDate "2022.09.24"]
[EventType "swiss"]
[EventCountry "GER"]
[SourceTitle "playchess.com"]
[Source "ChessBase"]
[SourceQuality "1"]
[TimeControl "900+10"]

1. e4 c5 2. Nc3 Nc6 3. Bb5 Nd4 4. Bc4 g6 5. Nf3 Bg7 6. Nxd4 cxd4 7. Qf3 e6 8. Nb5 d6 9. Qa3 $1 Ke7 {[%emt 0:04:18] [#] B23: Closed Sicilian: Lines without g3.} (9... Bf8 $142) 10. c3 $1 $16 {[%emt 0:00:29] White has more active pieces.} (10. d3 a6 11. b3 Rb8 $19) 10... dxc3 11. dxc3 a6 {[%emt 0:00:18] White is clearly better.} 12. Be2 {[%emt 0:00:33] Hoping for Bg5+.} Rb8 {[%emt 0:00:43] [#]} 13. Nd4 (13. Na7 $142 $1) 13... e5 14. Nc2 ({Worse is} 14. Bg5+ f6 15. Bh4 exd4 $17) 14... Nf6 15. Bg5 h6 {[%emt 0:00:19] White is slightly better.} 16. Bxf6+ Bxf6 17. Rd1 Be6 18. Ne3 Qc7 {[%emt 0:00:16] [#]} 19. Nd5+ $146 ({Predecessor:} 19. Bc4 Rhd8 20. Nd5+ Bxd5 21. Bxd5 Kf8 22. O-O Kg7 23. f4 Rf8 24. g3 a5 25. Kh1 {1-0 (38) Brodsky,D (2455)-Nguyen,D (1919) Chess.com INT 2020}) 19... Bxd5 20. Rxd5 Rhd8 21. O-O Kf8 {[%emt 0:00:08] Weighted Error Value: White=0.09 (flawless) /Black=0.10 (very precise)} 1-0

[Event "German Rapid Championship 2022"]
[Site "Goettingen"]
[Date "2022.09.24"]
[Round "1"]
[White "Arndt, Magnus"]
[Black "Feuerstack, Aljoscha"]
[Result "1-0"]
[ECO "D11"]
[WhiteElo "2384"]
[BlackElo "2464"]
[Annotator "TA"]
[PlyCount "22"]
[EventDate "2022.09.24"]
[EventType "swiss"]
[EventCountry "GER"]
[SourceTitle "playchess.com"]
[Source "ChessBase"]
[SourceQuality "1"]
[TimeControl "900+10"]

1. d4 d5 2. c4 c6 3. Nf3 Nf6 4. g3 Bf5 5. Nc3 e6 {[%emt 0:00:13] The position is equal.} 6. Qb3 {[%emt 0:00:38] D11: Slav Defence: 3 Nf3 sidelines and 3...Nf6 4 e3 Bg4.} Qb6 7. c5 Qxb3 8. axb3 Na6 9. Ra4 Bc2 {[%emt 0:01:43] [#] Against e4} 10. Bf4 $146 ({Predecessor:} 10. Nd2 e5 11. e3 exd4 12. exd4 Nc7 13. Bg2 a6 14. O-O O-O-O 15. Ra3 Ne4 16. Ndxe4 dxe4 {0-1 (47) Akbarinia,S (2379)-Lazavik,D (2436) Chess.com INT 2020}) 10... Bxb3 11. Ra3 Bc4 {[%emt 0:01:14] An uneventful encounter.  Weighted Error Value: White=0.04 (flawless) /Black=0.01 (flawless)} 1-0

[Event "German Rapid Championship 2022"]
[Site "Goettingen"]
[Date "2022.09.24"]
[Round "1"]
[White "Langheinrich, Ferenc"]
[Black "Elier, Ali"]
[Result "1/2-1/2"]
[ECO "C70"]
[WhiteElo "2366"]
[BlackElo "2164"]
[Annotator "TA"]
[PlyCount "27"]
[EventDate "2022.09.24"]
[EventType "swiss"]
[EventCountry "GER"]
[SourceTitle "playchess.com"]
[Source "ChessBase"]
[SourceQuality "1"]
[TimeControl "900+10"]

1. e4 e5 2. Nf3 Nc6 3. Bb5 a6 4. Ba4 b5 5. Bb3 Na5 6. d4 exd4 7. Qxd4 Bb7 {[%emt 0:00:36] 7...Ne7 is vanishing. C70: Ruy Lopez: 3...a6 4 Ba4, Norwegian and Delayed Schliemann.} 8. c4 {[%emt 0:02:01] [#]} Qf6 $146 ({Predecessor:} 8... d6 9. O-O c5 10. Qd3 Nf6 11. Re1 Be7 12. Nc3 O-O 13. Bf4 Qd7 14. Rad1 Nxb3 15. axb3 {1-0 (58) Fernandez Garcia,J (2432)-Molina Rodriguez,B (2172) Santa Cruz de Tenerife 2018}) 9. Nc3 bxc4 {[%emt 0:01:59] [#] aiming for ...Qxd4. Black has an edge.} 10. Ba4 Qxd4 11. Nxd4 Nf6 (11... Bc5 $5 12. Be3 Nf6 $11) 12. Bf4 O-O-O {[%emt 0:02:54] And now ...Bc5 would win.} 13. f3 Bc5 14. O-O-O {[%emt 0:00:17] Weighted Error Value: White=0.20 (precise) /Black=0.06 (flawless)} 1/2-1/2

[Event "German Rapid Championship 2022"]
[Site "Goettingen"]
[Date "2022.09.24"]
[Round "1"]
[White "Langrock, Hannes"]
[Black "Knuedel, Torben"]
[Result "1-0"]
[ECO "A46"]
[WhiteElo "2358"]
[BlackElo "2221"]
[Annotator "TA"]
[PlyCount "46"]
[EventDate "2022.09.24"]
[EventType "swiss"]
[EventCountry "GER"]
[SourceTitle "playchess.com"]
[Source "ChessBase"]
[SourceQuality "1"]
[TimeControl "900+10"]

1. d4 Nf6 2. Nf3 e6 3. g3 d5 4. Bg2 Be7 5. O-O O-O 6. c4 dxc4 7. Qc2 a6 8. a4 Bd7 9. Qxc4 Bc6 10. Bg5 Nbd7 11. Nc3 Nd5 {[%emt 0:01:55] E05: Open Catalan: 5 Nf3 Be7.} 12. Bxe7 Qxe7 13. Rfe1 {[%emt 0:01:57] [#]} (13. Nxd5 $16 exd5 14. Qc2) 13... N7b6 $146 ({Predecessor:} 13... Nb4 14. Qb3 Bxf3 15. Bxf3 a5 16. Bxb7 Rab8 17. Bg2 c5 18. Nb5 cxd4 19. Nxd4 Nc5 {½-½ (34) Lombaers,P (2379)-Espineira Gonzalez,D (2386) Penafiel 2020}) 14. Nxd5 Bxd5 15. Qc2 f5 {[%emt 0:00:47] Prevents e4.} 16. a5 Nc4 17. b3 Nd6 {[%emt 0:00:09] The position is equal.} 18. Ne5 Bxg2 19. Kxg2 f4 20. e3 fxe3 21. Rxe3 Nf5 22. Re4 Qd6 23. Qc4 Rae8 {[%emt 0:00:28][%mdl 32768] Weighted Error Value: White=0.12 (very precise) /Black=0.10 (very precise) . Loss on time!?} 1-0

[Event "German Rapid Championship 2022"]
[Site "Goettingen"]
[Date "2022.09.24"]
[Round "1"]
[White "Voigt, Martin"]
[Black "Fridman, Daniel"]
[Result "1/2-1/2"]
[ECO "B18"]
[WhiteElo "2319"]
[BlackElo "2607"]
[Annotator "TA"]
[PlyCount "43"]
[EventDate "2022.09.24"]
[EventType "swiss"]
[EventCountry "GER"]
[SourceTitle "playchess.com"]
[Source "ChessBase"]
[SourceQuality "1"]
[TimeControl "900+10"]

1. e4 c6 2. d4 d5 3. Nc3 dxe4 4. Nxe4 Bf5 5. Ng3 Bg6 6. h4 h6 7. Nf3 e6 8. Ne5 Bh7 9. Bd3 Bxd3 10. Qxd3 Nd7 {[%emt 0:00:03] B19: Classical Caro-Kann: 4...Bf5 main line.} 11. f4 Be7 12. Nh5 (12. Bd2 $14 {is more appropriate.}) 12... Bxh4+ {[%emt 0:00:50] The position is equal.} (12... Ngf6 $5 13. Nxg7+ Kf8 14. Nxe6+ fxe6 $11) 13. g3 Bf6 14. Bd2 $1 Qe7 15. O-O-O (15. Qb3 $5 ) 15... g6 16. Nxf6+ Ngxf6 17. Qb3 Nxe5 {[%emt 0:01:40] [#]} 18. dxe5 $146 ({Predecessor:} 18. Bb4 Nd3+ 19. Rxd3 Qc7 20. Re1 Nd5 21. Bd2 b5 22. Qa3 a5 23. Rf3 Kd7 24. g4 {0-1 (44) Kotronias,V (2605)-Velicka,P (2440) Solsones 2004}) 18... Nd5 {[%emt 0:00:15] Against Bb4} 19. c4 $36 {[%emt 0:00:10][%mdl 2048] White is more active.} Nb6 (19... Qc5 $11) 20. Be3 (20. Bb4 $14 c5 21. Ba5) 20... Kf8 {[%emt 0:01:04] [#]} (20... Rd8 $11) 21. g4 $1 $16 {[%emt 0:01:04][%mdl 1024] White has strong compensation. White has more active pieces. The black rooks are badly placed.} Rd8 ({Black should try} 21... Re8) 22. f5 {[%emt 0:01:11] Weighted Error Value: White=0.16 (very precise) /Black=0.34} ({Better is} 22. Rd6 $16) 1/2-1/2

[Event "German Rapid Championship 2022"]
[Site "Goettingen"]
[Date "2022.09.24"]
[Round "1"]
[White "Tschernatsch, Johannes"]
[Black "Heider, Martin"]
[Result "0-1"]
[ECO "B51"]
[WhiteElo "2294"]
[BlackElo "2393"]
[Annotator "TA"]
[PlyCount "34"]
[EventDate "2022.09.24"]
[EventType "swiss"]
[EventCountry "GER"]
[SourceTitle "playchess.com"]
[Source "ChessBase"]
[SourceQuality "1"]
[TimeControl "900+10"]

1. e4 c5 2. Nf3 d6 3. Bb5+ Nd7 4. a4 Ngf6 5. Nc3 g6 6. a5 {[%emt 0:00:01] B51: Sicilian: Moscow Variation (3 Bb5+) without 3...Bd7.} Bg7 7. O-O O-O 8. Re1 {[%emt 0:00:01] White has an edge.} a6 9. Bf1 Nb8 10. d4 cxd4 11. Nxd4 Nc6 {[%emt 0:00:31] [#]} 12. Nxc6 $146 ({Predecessor:} 12. Nb3 Bg4 13. f3 Be6 14. Nd5 Bxd5 15. exd5 Ne5 16. f4 Ned7 17. c4 Re8 18. Nd4 {1-0 (52) Abdulla,M (2287)-Burnett,A (2160) Edinburgh 2022}) 12... bxc6 13. Be3 Nd7 14. Qd2 Rb8 15. Na4 c5 16. Ra3 Bb7 ({But not} 16... Bxb2 17. Nxb2 Rxb2 18. Bh6 $16) 17. c3 Re8 {[%emt 0:04:02][%mdl 32768] Weighted Error Value: White=0.08 (flawless) /Black=0.07 (flawless) . Loss on time!?} 0-1

[Event "German Rapid Championship 2022"]
[Site "Goettingen"]
[Date "2022.09.24"]
[Round "1"]
[White "Schenderowitsch, Michael"]
[Black "Stelmaszyk, Nico"]
[Result "1/2-1/2"]
[ECO "D20"]
[WhiteElo "2292"]
[BlackElo "2355"]
[Annotator "TA"]
[PlyCount "39"]
[EventDate "2022.09.24"]
[EventType "swiss"]
[EventCountry "GER"]
[SourceTitle "playchess.com"]
[Source "ChessBase"]
[SourceQuality "1"]
[TimeControl "900+10"]

1. d4 d5 2. c4 dxc4 3. e3 c5 4. Bxc4 cxd4 5. exd4 Qc7 6. Bb3 Bg4 7. f3 Bd7 8. Nc3 {[%emt 0:00:16] D20: Queen's Gambit Accepted: 3 e3 and 3 e4.} e6 9. Nge2 Nf6 10. Be3 {[%emt 0:01:03] [#] White is slightly better.} (10. d5 {with more complications.} Na6 11. O-O Bc5+ 12. Kh1) 10... Bd6 $146 ({Predecessor:} 10... Be7 11. Rc1 Bc6 12. O-O O-O 13. Kh1 Rd8 14. Qc2 Qa5 15. Nf4 Na6 16. Qe2 Nc7 {½-½ (59) Butnorius,A (2424)-Sermek,D (2568) Plovdiv 2003}) 11. Rc1 Bc6 {[%emt 0:00:39] Prevents Ne4.} 12. Kf2 {[%emt 0:02:18] [#] d5 is the strong threat.} Qd8 13. Nf4 O-O 14. Qd2 Na6 15. Rhd1 Nb4 16. a3 Nbd5 17. Nfxd5 Nxd5 18. Nxd5 ({Better is} 18. Bg5 $15 Qb6 19. Nxd5 exd5 20. Rc3) 18... Bxd5 $2 {[%emt 0:00:14] [#]} (18... Qh4+ $19 19. Ke2 Bb5+ 20. Bc4 Bxc4+ 21. Rxc4 exd5) 19. Bxd5 $11 exd5 20. Bf4 {Weighted Error Value: White=0.26 (precise) /Black=0.23 (precise)} 1/2-1/2

[Event "German Rapid Championship 2022"]
[Site "Goettingen"]
[Date "2022.09.24"]
[Round "1"]
[White "Woelk, Tom-Frederic"]
[Black "Carlstedt, Jonathan"]
[Result "1-0"]
[ECO "B06"]
[WhiteElo "2289"]
[BlackElo "2433"]
[Annotator "TA"]
[PlyCount "40"]
[EventDate "2022.09.24"]
[EventType "swiss"]
[EventCountry "GER"]
[SourceTitle "playchess.com"]
[Source "ChessBase"]
[SourceQuality "1"]
[TimeControl "900+10"]

1. e4 {[%emt 0:00:03] Hou,Yifan} g6 2. d4 Bg7 3. Nc3 a6 4. f4 d5 5. e5 h5 6. Nf3 {[%emt 0:00:29] B06: Modern Defence.} Bg4 7. h3 Bxf3 8. Qxf3 {[%emt 0:00:01] White is slightly better.} ({But not} 8. gxf3 Nh6 $15) 8... e6 9. g3 Ne7 10. Be3 {[%emt 0:00:09] [#]} b5 $146 ({Predecessor:} 10... Nbc6 11. g4 Qd7 12. O-O-O O-O-O 13. Bd3 hxg4 14. hxg4 f6 15. exf6 Bxf6 16. Qf2 Qd6 {1-0 (40) Hou,Y (2673)-Rapport,R (2716) Caleta 2015 CBM 165 [Hou,Yifan]}) 11. a3 {[%emt 0:00:26] White is more active.} Nbc6 12. g4 Qd7 13. Bd3 hxg4 14. hxg4 O-O-O 15. O-O-O f5 16. gxf5 (16. g5 $16) 16... Nxf5 $14 17. Ne2 Kb7 18. Bf2 b4 19. a4 Rdf8 20. b3 Bh6 {[%emt 0:00:07] Weighted Error Value: White=0.12 (very precise) /Black=0.14 (very precise)} 1-0

[Event "German Rapid Championship 2022"]
[Site "Goettingen"]
[Date "2022.09.24"]
[Round "1"]
[White "Kersten, Uwe"]
[Black "Poetsch, Hagen"]
[Result "0-1"]
[ECO "B51"]
[WhiteElo "2261"]
[BlackElo "2491"]
[Annotator "TA"]
[PlyCount "29"]
[EventDate "2022.09.24"]
[EventType "swiss"]
[EventCountry "GER"]
[SourceTitle "playchess.com"]
[Source "ChessBase"]
[SourceQuality "1"]
[TimeControl "900+10"]

1. e4 c5 2. Nf3 d6 3. Bb5+ Nd7 4. d4 cxd4 5. Qxd4 a6 6. Bxd7+ Bxd7 7. Bg5 {[%emt 0:00:10] B51: Sicilian: Moscow Variation (3 Bb5+) without 3...Bd7.} Rc8 8. Nc3 f6 9. Be3 {[%emt 0:00:37] White has an edge.} e5 {[%emt 0:00:03] [#]} 10. Qd3 $146 ({Predecessor:} 10. Qa7 Rxc3 11. bxc3 Bc6 12. Nd2 f5 13. exf5 Qc8 14. O-O Nf6 15. f4 Qxf5 16. fxe5 {1-0 (25) Lawton,G (2380)-Bilek,I (2405) Manchester 1983}) 10... Qa5 11. O-O Bb5 (11... Be6 $14) 12. Nxb5 Qxb5 13. Qd2 (13. Qxb5+ $16 axb5 14. c3) 13... Qc4 $11 14. Qd3 Ne7 15. Rfd1 {[%emt 0:01:54][%mdl 32768] Weighted Error Value: White=0.20 (precise) /Black=0.18 (very precise) . Loss on time!?} 0-1

[Event "German Rapid Championship 2022"]
[Site "Goettingen"]
[Date "2022.09.24"]
[Round "1"]
[White "Bornholdt, Joa Max"]
[Black "Muckle, Julius"]
[Result "0-1"]
[ECO "D70"]
[WhiteElo "2196"]
[BlackElo "2401"]
[Annotator "TA"]
[PlyCount "40"]
[EventDate "2022.09.24"]
[EventType "swiss"]
[EventCountry "GER"]
[SourceTitle "playchess.com"]
[Source "ChessBase"]
[SourceQuality "1"]
[TimeControl "900+10"]

1. d4 d5 2. c4 c6 3. Nf3 Nf6 4. Nbd2 Bf5 5. Nh4 Be4 6. f3 {[%emt 0:00:18] D11: Slav Defence: 3 Nf3 sidelines and 3...Nf6 4 e3 Bg4.} Bg6 7. e3 e6 8. Qb3 Qc7 9. Be2 Nbd7 {[%emt 0:00:05] [#]} 10. Nxg6 $146 ({Predecessor:} 10. g3 c5 11. cxd5 exd5 12. Nxg6 hxg6 13. O-O Bd6 14. Kg2 Kf8 15. Qd1 Re8 16. Nb1 cxd4 17. exd4 {0-1 (29) Pantzar,M (2417)-Balakrishnan,P (2498) Chess.com INT 2020}) 10... hxg6 11. f4 $1 Be7 12. Nf3 O-O (12... Ne4 {is more complex.} 13. Bd3 O-O-O 14. Bd2 Kb8) 13. O-O c5 14. cxd5 exd5 15. Bd2 c4 16. Qc2 Ne4 17. Rac1 Rac8 18. a4 (18. Ne5 $5 ) 18... Qb6 19. a5 Qb5 20. Be1 b6 {[%emt 0:06:23][%mdl 32768] Weighted Error Value: White=0.14 (very precise) /Black=0.12 (very precise) . Loss on time!?} 0-1

[Event "German Rapid Championship 2022"]
[Site "Goettingen"]
[Date "2022.09.24"]
[Round "1.1"]
[White "Cofmann, Veaceslav"]
[Black "Svane, Rasmus"]
[Result "0-1"]
[ECO "D37"]
[WhiteElo "2250"]
[BlackElo "2615"]
[Annotator "TA"]
[PlyCount "112"]
[EventDate "2022.09.24"]
[EventType "swiss"]
[EventCountry "GER"]
[SourceTitle "playchess.com"]
[Source "ChessBase"]
[SourceQuality "1"]
[TimeControl "900+10"]

1. d4 Nf6 2. c4 e6 3. Nf3 d5 4. Nc3 a6 5. cxd5 exd5 6. Bg5 {[%emt 0:00:02][%cal Bc1g5,Bg5h4,Bh4g3][%mdl 32] D37: Queen's Gambit Declined: 5 Bf4.} Be6 7. e3 Nbd7 8. Bd3 {[%emt 0:00:03] White has an edge.} Bd6 9. O-O c6 $1 {[%emt 0:00:02] The main line 9...c6 scores better than 9...0-0.} 10. Qc2 Qc7 11. Bh4 Bg4 12. Bg3 O-O {[%emt 0:00:05] [#]} 13. Bf5 $146 ({Predecessor:} 13. Bxd6 Qxd6 14. Nd2 Rfe8 15. b4 Re7 16. Rab1 Rc8 17. Na4 Nf8 18. Nc5 Bh5 19. a4 {0-1 (48) Shipov,S (2541)-Svane,R (2613) Chess.com INT 2020}) 13... Bxf5 14. Qxf5 Rfe8 15. Qc2 Bxg3 16. hxg3 Nb6 17. Ne5 Nfd7 18. Nxd7 Qxd7 19. Ne2 Nc4 20. Nf4 Re7 21. b4 Qd6 22. Qc3 a5 (22... g5 $5 23. Nd3 h5 $15) 23. a3 b5 24. Nd3 Rea7 {[%emt 0:00:02] Black is more active.} 25. Nc5 Qg6 26. a4 axb4 27. Qxb4 h5 (27... Qd6 $5 28. Rfb1 Qd8 $11) 28. Ra2 ({White should play} 28. Rfe1 $1 $15) 28... Qg4 $17 29. Rfa1 h4 (29... Ra5 $17) 30. gxh4 $11 Ne5 31. Qb2 Nf3+ 32. Kf1 Nh2+ 33. Kg1 Nf3+ 34. Kf1 Nxh4 35. f3 $132 {[%emt 0:00:35][%mdl 2048] White has counterplay} Qg5 (35... Nxf3 36. gxf3 Qxf3+ 37. Qf2 Qh3+ 38. Ke1 $16) 36. axb5 Rxa2 37. Rxa2 Rxa2 38. Qxa2 cxb5 {[%emt 0:00:10][%mdl 4096] Endgame KQN-KQN} 39. f4 Qf5 40. Kg1 b4 41. Qe2 $2 {[%emt 0:03:40] [#]} (41. Kf2 $11 {and White is okay.}) 41... Qb1+ $1 $19 42. Kh2 Qg6 {[%emt 0:00:44] Prevents Qg4.} (42... b3 $19 {Strongly threatening ...Nf5.} 43. e4 b2) 43. e4 {[%emt 0:01:23] [#] Against Nf5. Now White is beyond hope.} (43. g4 $15) 43... dxe4 $1 (43... Qh6 44. Kg3 $15 (44. Qg4 dxe4 45. Kg1 Qf6 $19)) 44. Nxe4 Qe6 (44... Qh6 $19 {Hoping for ...Nf5+.} 45. Ng5 Nf3+ 46. Kg3 Nxg5 47. fxg5 Qxg5+ 48. Kf3 b3) 45. Qd3 Qd5 ({Worse is} 45... Qg4 46. Qg3 Qxg3+ 47. Kxg3 Nf5+ 48. Kf3 $17) 46. Qe2 (46. Qc2 $142) 46... Qxd4 {[%emt 0:00:14] aiming for ...Nf5.} 47. Kh1 $2 (47. Qd2 Nf5 48. Qxd4 Nxd4 49. Nd2) 47... Nf5 {[%emt 0:00:06][%cal Od4e4] ( -> ...Qxe4!)} 48. Kh2 b3 {[%emt 0:00:06] White must now prevent ...Ne3.} 49. g3 b2 (49... Ne3 $142 50. Qf3 b2 51. Ng5 Qd2+ 52. Kh3 Qd7+ 53. Kh2 Ng4+ 54. Kg2 Qd2+ 55. Kh3 g6 56. Qa8+ Kg7 57. Ne6+ fxe6 58. Qa7+ Kh6 59. Qc5 Nf2+ 60. Kh4 Qd8+ 61. Qg5+ Qxg5+ 62. fxg5+ Kg7 63. g4 b1=Q 64. Kg3 Ne4+ 65. Kf3 Qd3+ 66. Kf4 Nd2 67. Ke5 Nc4+ 68. Kxe6 Qd6#) 50. Ng5 Ne3 {[%emt 0:00:07] Black mates.} 51. Qb5 Qd2+ 52. Kh3 Qg2+ 53. Kh4 Qh1+ 54. Nh3 Ng2+ 55. Kg4 Qd1+ 56. Kg5 f6+ {[%emt 0:00:03] Weighted Error Value: White=0.65/Black=0.22 (precise)} 0-1